 Dungeon Crawl Stone Soup version 0.29-a0-542-g075992c915 (webtiles) character file.

Game seed: 13150001887638603724

23 happo123 the Sneak (level 3, -1/20 HPs)
             Began as a Kobold Enchanter on June 3, 2022.
             Slain by a gnoll
             ... wielding a +0 flail
              (8 damage)
             ... on level 1 of the Dungeon.
             The game lasted 00:06:18 (1083 turns).

happo123 the Sneak (Kobold Enchanter)               Turns: 1083, Time: 00:06:18

Health: -1/20      AC:  2    Str:  5    XL:     3   Next: 10%
Magic:  3/6        EV: 15    Int: 18    God:
Gold:   63         SH:  0    Dex: 15    Spells: 1/6 levels left

rFire   . . .      SeeInvis .   a - +1 dagger
rCold   . . .      Faith    .   (no shield)
rNeg    . . .      Spirit   .   b - +0 robe
rPois   .          Reflect  .   (no helmet)
rElec   .          Harm     .   (no cloak)
rCorr   .          Rampage  .   (no gloves)
Will    .....                   (no boots)
Stlth   ++++......              f - amulet of regeneration
HPRegen 0.86/turn               (no ring)
MPRegen 0.10/turn               (no ring)

@: no status effects
A: small, no large weapons, nightstalker 3
a: no special abilities


You were on level 1 of the Dungeon.
You visited 1 branch of the dungeon, and saw 1 of its levels.

You collected 63 gold pieces.

Inventory:

Hand Weapons
 a - a +1 dagger (weapon)
Missiles
 l - a throwing net
Armour
 b - a +0 robe (worn)
Jewellery
 f - an amulet of regeneration (around neck)
Scrolls
 h - a scroll of immolation {unknown}
 i - a scroll of silence {unknown}
 k - a scroll of identify {unknown}
Potions
 c - 2 potions of invisibility
 d - a potion of brilliance {unknown}
 e - a potion of might {unknown}
 g - a potion of ambrosia {unknown}
 j - a potion of lignification {unknown}


   Skills:
 + Level 0.7 Fighting
 + Level 1.9 Short Blades
 + Level 2.6 Dodging
 + Level 4.2 Stealth
 + Level 2.3 Spellcasting
 * Level 3.3 Hexes


You had one spell level left.
You knew the following spells:

 Your Spells              Type           Power      Damage    Failure   Level
a - Ensorcelled Hibernat  Hex/Ice        16%        N/A       13%         2
b - Confusing Touch       Hex            14%        N/A       13%         3

Your spell library contained the following spells:

 Spells                   Type           Power      Damage    Failure   Level
 Tukima's Dance           Hex            14%        N/A       13%         3
 Dazzling Flash           Conj/Hex       16%        N/A       26%         3


Dungeon Overview and Level Annotations

Branches:
Dungeon (1/15)

Altars:


Innate Abilities, Weirdness & Mutations

You are small and have problems with some larger weapons.
You are completely attuned to the shadows.


Message History

Aim: a gnoll, wielding a +0 flail (chance to affect: 50%)
The gnoll looks drowsy...
The gnoll closely misses you.
You hit the gnoll.
The gnoll is moderately wounded.
The gnoll closely misses you.
You hit the gnoll.
The gnoll is heavily wounded.
The gnoll barely misses you.
You hit the gnoll.
The gnoll is severely wounded.
The gnoll closely misses you.
You hit the gnoll.
The gnoll is almost dead.
The gnoll hits you with a +0 flail!
Ouch! That really hurt!
You hit the gnoll.
The gnoll is almost dead.
The gnoll closely misses you.
You barely miss the gnoll.
The gnoll is almost dead.
The gnoll closely misses you.
You closely miss the gnoll.
The gnoll is almost dead.
The gnoll hits you with a +0 flail!
Ouch! That really hurt!
* * * LOW HITPOINT WARNING * * *
Your magical contamination has completely faded away.
You hit the gnoll but do no damage.
The gnoll is almost dead.
The gnoll misses you.
Casting: Ensorcelled Hibernation (safe; 13% risk of failure)
Confirm with . or Enter, or press ? or * to list all spells.
The spell is extremely dangerous to miscast (13% risk of failure)!
Continue anyway?
Okay, then.
You hit the gnoll but do no damage.
The gnoll is almost dead.
The gnoll closely misses you. The gnoll attacks as you move away!
The gnoll hits you with a +0 flail!
You die...

....# #....######.####.
....# #....# #......
##### #....# #######
#....# #### #....# #...
#...†# #.## #....# #.#
########g...# ### #.#
#......@....# #.####.##
#.#####)##### #........
#.# #.########.####.##
#.### #..........# #.##
#...#########.#### #...
##########.#..(........#
####
.....).....#...#####...#
.###########...#...#...#
.# #^###.⌠.###.#


You could see a gnoll.

Vanquished Creatures
  3 ball pythons (D:1)
  2 endoplasms (D:1)
  3 giant cockroaches (D:1)
  A goblin (D:1)
  A hobgoblin (D:1)
  6 kobolds (D:1)
  A quokka (D:1)
  2 bats (D:1)
  A frilled lizard (D:1)
  A rat (D:1)
21 creatures vanquished.

Notes
Turn   | Place    | Note
-------+----------+-------------------------------------------
     0 | D:1      | happo123 the Kobold Enchanter began the quest for the Orb.
     0 | D:1      | Reached XP level 1. HP: 10/10 MP: 3/3
   435 | D:1      | Reached XP level 2. HP: 16/16 MP: 5/5
   438 | D:1      | Learned a level 2 spell: Ensorcelled Hibernation
  1047 | D:1      | Reached XP level 3. HP: 20/20 MP: 6/6
  1056 | D:1      | Learned a level 3 spell: Confusing Touch
  1083 | D:1      | Slain by a gnoll

Illustrated notes

Levels and vault maps discovered:
D:1:      dpeg_arrival_simpleton_c, layout_basic

Action                   || total
-------------------------++-------
Melee: Dagger            ||    42
       Punch             ||     1
 Cast: Ensorcelled Hiber ||     5
 Stab: Sleeping          ||    13
Armor: Robe              ||     2
Dodge: Dodged            ||    29

Table legend: (Time is in decaauts)
 A = Elapsed time spent in this place.
 B = Non-inter-level travel time spent in this place.
 C = Inter-level travel time spent in this place.
 D = Time resting spent in this place.
 E = Time spent auto-exploring this place.
 F = Levels seen in this place.
 G = Mean time per level.
                   A        B        C        D        E       F      G
               +--------+--------+--------+--------+--------+-----+--------+
         Total |   1079 |    481 |    598 |     37 |    278 |   1 | 1079.0 |
       Dungeon |   1079 |    481 |    598 |     37 |    278 |   1 | 1079.0 |
               +--------+--------+--------+--------+--------+-----+--------+

Top non-repeatable levels by time:
     D:1: 1079 daAuts
